 Dungeon Crawl Stone Soup version 0.21-a0-529-g8c7b3f5 (webtiles) character file.

91 Amnesiac the Grave Robber (level 4, 0/28 HPs)
             Began as a Deep Elf Necromancer on Dec 10, 2017.
             Killed from afar by Natasha (5 damage)
             ... with a magic dart
             ... on level 3 of the Dungeon.
             The game lasted 00:03:35 (1864 turns).

Amnesiac the Grave Robber (Deep Elf Necromancer)    Turns: 1864, Time: 00:03:37

Health: 0/28       AC:  4    Str:  5    XL:     4   Next: 34%
Magic:  1/10       EV: 17    Int: 21    God:
Gold:   107        SH:  0    Dex: 20    Spells: 2/9 levels left

rFire    . . .     SeeInvis +   (no weapon)
rCold    . . .     Gourm    .   (no shield)
rNeg     . . .     Faith    .   a - +0 robe
rPois    .         Spirit   .   q - +0 helmet
rElec    .         Reflect  .   (no cloak)
rCorr    .         Harm     .   w - +0 pair of gloves
MR       .....                  (no boots)
Stlth    +++.......             (no amulet)
HPRegen  0.09/turn              t - ring of see invisible
MPRegen  0.12/turn              (no ring)

@: agile, slowed, heavily drained, very slow
A: no striking features
a: no special abilities


You were on level 3 of the Dungeon.
You were not hungry.

You visited 1 branch of the dungeon, and saw 3 of its levels.

You collected 107 gold pieces.

Inventory:

Missiles
 h - 31 poisoned needles
 r - 3 needles of frenzy
Armour
 a - a +0 robe (worn)
 q - a +0 helmet (worn)
 w - a +0 pair of gloves (worn)
Jewellery
 t - a ring of see invisible (left hand)
 x - an uncursed amulet of harm
Scrolls
 d - 3 scrolls of magic mapping {!r, unknown}
 e - a scroll of remove curse {!r, unknown}
 g - 2 scrolls of identify {!r}
 i - a scroll of enchant weapon {!r, unknown}
 l - a scroll of immolation {!r, unknown}
 n - 2 scrolls of amnesia {!r, unknown}
 s - 2 scrolls of fear {!r, unknown}
 v - 2 scrolls of teleportation {!r, unknown}
Potions
 f - 2 potions of curing {!q}
 j - a potion of degeneration {!q, unknown}
 m - a potion of agility {!q}
 o - 2 potions of mutation {!q, unknown}
 u - 2 potions of heal wounds {!q, unknown}
 z - a potion of brilliance {!q}
Books
 b - a book of Necromancy

   Spells                             Type                      Level
   a - Pain                           Necromancy                   1
   b - Animate Skeleton               Necromancy                   1
   c - Vampiric Draining              Necromancy                   3
   d - Regeneration                   Charms/Necromancy            3
   e - Animate Dead                   Necromancy                   4
   f - Control Undead                 Necromancy                   4
Comestibles
 c - a bread ration
 k - 2 royal jellies
 p - 3 meat rations
 A - a chunk of flesh


   Skills:
 * Level 3.1(1.7) Fighting
 + Level 3.0(1.6) Dodging
 - Level 2.4(1.0) Stealth
 - Level 3.0(1.6) Spellcasting
 - Level 4.8(3.3) Necromancy


You had 2 spell levels left.
You knew the following spells:

 Your Spells              Type           Power        Failure   Level  Hunger
a - Pain                  Necr           ###.         3%          1    #......
d - Vampiric Draining     Necr           ###.......   12%         3    ###....
r - Regeneration          Chrm/Necr      #.........   22%         3    ###....


Dungeon Overview and Level Annotations

Branches:
Dungeon (3/15)

Altars:

Annotations:
D:2 Sigmund
D:3 Amnesiac's ghost, weakling DENe; Natasha


Message History

Unknown command.
Items here: ( ) †† a whip; 4 stones; the felid corpse of Natasha; a kobold corpse You butcher the felid corpse of Natasha.
A - 2 chunks of flesh
Things that are here:
a whip; 4 stones; a kobold corpse You start resting.
Eating one of 2 chunks of flesh.
You eat one of the 2 chunks of flesh.
This raw flesh tastes terrible.
Natasha, Servant of Life and Death comes into view.
Natasha mumbles some strange words.
Casting: Vampiric Draining
Confirm with . or Enter, or press ? or * to list all spells.
Aiming: Pain
Press: ? - help, Shift-Dir - straight line, f - Natasha
Aim: Natasha (chance to defeat MR: 73%) Natasha struggles to resist.
Casting: Pain
Confirm with . or Enter, or press ? or * to list all spells.
Aiming: Pain
Press: ? - help, Shift-Dir - straight line, f/p - Natasha
Aim: Natasha (chance to defeat MR: 73%) Natasha struggles to resist.
Okay, then.
Really read
g - 3 scrolls labeled WIURYAMASI {!r}?
As you read the scroll labeled WIURYAMASI {!r}, it crumbles to dust.
It is a scroll of identify.
z - a potion of brilliance {!q}
Casting: Pain
Confirm with . or Enter, or press ? or * to list all spells.
Aiming: Pain
Press: ? - help, Shift-Dir - straight line, f/p - Natasha
Aim: Natasha (chance to defeat MR: 73%) Natasha writhes in agony!
Natasha stares at you and mumbles some strange words.
The magic dart hits you!
Really quaff
m - 2 fuming orange potions {!q}?
It was a potion of agility {!q}.
You feel agile all of a sudden. Natasha claws you.
* * * LOW HITPOINT WARNING * * *
Really quaff
f - 3 fizzy purple potions {!q}?
It was a potion of curing {!q}.
You feel better. Natasha completely misses you.
The crimson imp blinks!
Natasha stares at you and mumbles some strange words.
You feel yourself slow down.
The crimson imp blinks!
The crimson imp hits you. Natasha completely misses you.
The crimson imp hits you.
The crimson imp hits you but does no damage.
Natasha claws you!
* * * LOW HITPOINT WARNING * * *
You see here a pair of gloves.
The crimson imp closely misses you. The crimson imp completely misses you.
The crimson imp blinks!
Natasha closely misses you. The crimson imp hits you.
* * * LOW HITPOINT WARNING * * *
Natasha hisses.
Natasha completely misses you. The crimson imp closely misses you.
Natasha mewls in sadness.
Natasha casts a spell at you. The magic dart hits you!
You die...

######## #....[.#
#......# #......#
#......# #......##
#...5@..####
####h##....# ..
#..####.# ..
####...##.### #..
#....[...)..## ##K.
#........##..# ##...
#........###.####K...
#........# #....)....
#........# ####......


You could see Natasha and a crimson imp.

Vanquished Creatures
  Natasha (D:3)
  2 adders (D:2)
  A dart slug (D:1)
  2 leopard geckos (D:2)
  2 ball pythons
  4 bats
  2 giant cockroaches
  9 goblins
  2 hobgoblins (D:1)
  5 kobolds
  5 frilled lizards
  6 rats
41 creatures vanquished.

Notes
Turn   | Place    | Note
-------+----------+-------------------------------------------
     0 | D:1      | Amnesiac the Deep Elf Necromancer began the quest for the Orb.
     0 | D:1      | Reached XP level 1. HP: 10/10 MP: 6/6
   202 | D:1      | Reached skill level 1 in Fighting
   219 | D:1      | Reached XP level 2. HP: 8/16 MP: 1/8
   898 | D:2      | Reached XP level 3. HP: 16/21 MP: 5/9
   903 | D:2      | Learned a level 3 spell: Vampiric Draining
   912 | D:2      | Learned a level 3 spell: Regeneration
   974 | D:2      | Noticed Sigmund
  1444 | D:3      | Noticed Amnesiac's ghost (weakling DENe)
  1815 | D:3      | Noticed Natasha
  1831 | D:3      | Killed Natasha
  1831 | D:3      | Reached XP level 4. HP: 18/28 MP: 0/10
  1837 | D:3      | Noticed Natasha
  1864 | D:3      | Killed from afar by Natasha

Vault maps used:
D:1:      lightli_arrival_windingriver
D:2:      uniq_sigmund
D:3:      uniq_natasha

Skill      XL: |  1  2  3 |
---------------+----------+-----
Fighting       | 1 2 3 |  3.1
Dodging        | 3 |  3.0
Stealth        | |  2.4
Spellcasting   | |  3.0
Necromancy     | |  4.8

Action                   |  1- 3 |  4- 6 || total
-------------------------+-------+-------++-------
 Cast: Pain              |    68 |     3 ||    71
       Vampiric Draining |     1 |     1 ||     2
       Regeneration      |     1 |       ||     1
  Use: Potion            |       |     2 ||     2
       Scroll            |       |     1 ||     1
  Eat: Chunk             |     2 |     1 ||     3
Armor: Robe              |     5 |     1 ||     6
Dodge: Dodged            |     8 |     7 ||    15

Table legend:
 A = Spawn XP
 B = Non-spawn XP
 C = Spawn XP percentage of total XP
 D = Spawn monster count
 E = Non-spawn monster count
 F = Spawn count percentage of total count
 G = Total turns spent on level
                    A         B        C        D         E        F      G
               +---------+---------+-------+---------+---------+-------+---------
         Total |       0 |     131 |   0.0 |       0 |      41 |   0.0 |  1864
               +---------+---------+-------+---------+---------+-------+---------
           D:1 |       0 |      28 |   0.0 |       0 |      15 |   0.0 |   748
           D:2 |       0 |      59 |   0.0 |       0 |      20 |   0.0 |   976
           D:3 |       0 |      44 |   0.0 |       0 |       6 |   0.0 |   140
               +---------+---------+-------+---------+---------+-------+---------
